 Dungeon Crawl Stone Soup version 0.25-a0-566-g062765b (webtiles) character file.

Game seed: 14631442863191497585, levelgen mode: deterministic

7 15 the Caller (level 2, -1/19 HPs)
             Began as a Barachi Summoner on Feb 28, 2020.
             Slain by Natasha (9 damage)
             ... on level 2 of the Dungeon.
             The game lasted 00:01:46 (639 turns).

15 the Caller (Barachi Summoner)                     Turns: 639, Time: 00:01:47

Health: -1/19      AC:  2    Str:  9    XL:     2   Next: 4%
Magic:  5/5        EV: 12    Int: 15    God:
Gold:   36         SH:  0    Dex: 12    Spells: 2/5 levels left

rFire    + + .     SeeInvis .   f - +0 dagger
rCold    + . .     Gourm    .   (no shield)
rNeg     . . .     Faith    .   a - +0 robe
rPois    +         Spirit   .   (no helmet)
rElec    +         Reflect  .   (no cloak)
rCorr    +         Harm     .   (no gloves)
MR       .....                  (no boots)
Stlth    ++........             (no amulet)
HPRegen  0.06/turn              g - ring of protection from fire
MPRegen  0.09/turn              (no ring)

@: resistant, very slightly contaminated, invisible, slow
A: +LOS, swims, slowness 1, strong legs 1
a: Hop


You were on level 2 of the Dungeon.
You were not hungry.

You visited 1 branch of the dungeon, and saw 2 of its levels.

You collected 36 gold pieces.

Inventory:

Hand Weapons
 f - a +0 dagger (weapon)
Armour
 a - a +0 robe (worn)
Jewellery
 g - a ring of protection from fire (left hand)
Scrolls
 h - a scroll of identify
Comestibles
 c - 2 rations


   Skills:
 * Level 0.2 Fighting
 * Level 2.2 Dodging
 + Level 1.7 Stealth
 * Level 2.3 Spellcasting
 + Level 5.1 Summonings


You had 2 spell levels left.
You knew the following spells:

 Your Spells              Type           Power        Failure   Level  Hunger
a - Summon Small Mammal   Summ           ###.         2%          1    #......
b - Call Imp              Summ           ###.....     3%          2    ###....

Your spell library contained the following spells:

 Spells                   Type           Power        Failure   Level  Hunger
 Call Canine Familiar     Summ           ###.....     8%          3    ###....
 Summon Guardian Golem    Hex/Summ       #.......     22%         3    ###....
 Summon Ice Beast         Ice/Summ       #.......     58%         4    #####..
 Summon Lightning Spire   Summ/Air       #.......     58%         4    #####..


Dungeon Overview and Level Annotations

Branches:
Dungeon (2/15)

Altars:

Annotations:
D:2 Natasha


Innate Abilities, Weirdness & Mutations

You can be seen from farther away. (+LOS)
You can swim through water.
You cover ground slowly.
You can hop short distances.


Message History

Natasha is moderately wounded.
The goblin hits you with a +0 club. Natasha claws you.
Unknown command.
As you read the scroll labeled WARUOM JEDIDGH, it crumbles to dust.
You feel blessed for a moment.
It was a scroll of remove curse.
Natasha claws you!
* * * LOW HITPOINT WARNING * * *
The goblin hits you but does no damage.
Unknown command.
Okay, then.
You fade into invisibility!
Natasha misses you.
You are very lightly contaminated with residual magic.
It was a potion of curing.
You feel better. The goblin hits you but does no damage. Natasha claws you.
A goblin comes into view. It is wielding a +0 club.
It was a potion of resistance.
You feel protected. The goblin closely misses you. Natasha claws you!
You die...

#.##########
#...g@h5...#
......S######g#
.###.# #


You could see Natasha, a crimson imp, an adder (wandering) and 2 goblins.

Vanquished Creatures
  A ball python (D:1)
  A rat (D:1)
2 creatures vanquished.

Vanquished Creatures (collateral kills)
  A leopard gecko (D:1)
  A ball python (D:1)
  2 giant cockroaches (D:1)
  A goblin (D:1)
  A hobgoblin (D:1)
  2 rats (D:1)
8 creatures vanquished.

Grand Total: 10 creatures vanquished

Notes
Turn   | Place    | Note
-------+----------+-------------------------------------------
     0 | D:1      | 15 the Barachi Summoner began the quest for the Orb.
     0 | D:1      | Reached XP level 1. HP: 13/13 MP: 3/3
   143 | D:1      | Reached skill level 5 in Summonings
   214 | D:1      | Reached XP level 2. HP: 10/19 MP: 1/5
   221 | D:1      | Learned a level 2 spell: Call Imp
   631 | D:2      | Noticed Natasha
   634 | D:2      | Noticed a crimson imp
   639 | D:2      | Slain by Natasha

Levels and vault maps discovered:
D:1:      saegor_arrival_simple_b, layout_basic, chequers_serial_rivers_marsh
D:2:      layout_loops_ring, lemuel_doored_altar, first_ration,
          cheibrodos_gnoll_hut, uniq_natasha, uniq_robin

Skill      XL: |  1 |
---------------+----+-----
Summonings     | 5 |  5.1
Fighting       | |  0.2
Dodging        | |  2.2
Stealth        | |  1.7
Spellcasting   | |  2.3

Action                   || total
-------------------------++-------
Melee: Dagger            ||    16
       Unarmed           ||     7
 Cast: Summon Small Mamm ||    10
  Use: Scroll            ||     4
       Potion            ||     3
 Stab: Sleeping          ||     1
Armor: Robe              ||     9
Dodge: Dodged            ||    20

Table legend:
 A = Non-vault XP
 B = Vault XP
 C = Vault XP percentage of total XP
 D = Non-vault monster count
 E = Vault monster count
 F = Vault count percentage of total count
                 A         B        C        D         E       F
            +---------+---------+-------+---------+---------+-------
      Total |      11 |       0 |   0.0 |      10 |       0 |   0.0
            +---------+---------+-------+---------+---------+-------
        D:1 |      11 |       0 |   0.0 |      10 |       0 |   0.0
            +---------+---------+-------+---------+---------+-------
